[Event "Turkish Super League 2019"]
[Site "Konya"]
[Date "2019.07.19"]
[Round "3"]
[White "Korkmaz, Necmettin"]
[Black "Demircioglu, Emre"]
[Result "0-1"]
[ECO "C02"]
[WhiteElo "2078"]
[BlackElo "2242"]
[Annotator "NA"]
[PlyCount "114"]
[EventDate "2019.07.17"]
[EventType "team-tourn"]
[EventCountry "TUR"]
[SourceTitle "playchess.com"]
[Source "ChessBase"]
[SourceQuality "1"]
[TimeControl "40/5400+30:1800+30"]

1. e4 c5 2. c3 e6 3. d4 d5 4. e5 Nc6 5. Nf3 Nge7 6. a3 Nf5 7. dxc5 Bxc5 8. b4 Bb6 9. Bd3 Nh4 10. Nxh4 Qxh4 11. Qe2 f6 12. exf6 O-O 13. Be3 Rxf6 14. Bxb6 axb6 15. Qe3 e5 16. Qg3 Qh5 17. b5 Ne7 18. O-O e4 19. Bc2 Rg6 20. Bd1 Qf5 21. Qe3 Qh3 22. Qxh3 Bxh3 23. g3 Bxf1 24. Kxf1 Rf6 25. Kg2 Rc8 26. Ra2 Ng6 27. Rd2 Rc5 28. a4 Ne5 29. Bb3 Nd3 30. Kg1 Kf8 31. Bd1 Ke7 32. f3 Ne5 33. fxe4 dxe4 34. Re2 Nf3+ 35. Kg2 Re6 36. Bb3 Ree5 37. Bc2 Ng5 38. h4 Nf7 39. Rxe4 h6 40. Kf3 Rxe4 41. Kxe4 Nd6+ 42. Ke3 Kf6 43. Bd3 Ke5 44. Bc2 Rc4 45. Bb3 Rc8 46. g4 Ne4 47. c4 Rf8 48. Bc2 Rf4 49. Bd1 Nd6 50. c5 Nc4+ 51. Kd3 Nb2+ 52. Kc2 Nxd1 53. Kxd1 bxc5 54. a5 Rxg4 55. Nd2 Ra4 56. Kc2 Kd5 57. Nb3 c4 0-1

[Event "Turkish Super League 2019"]
[Site "Konya"]
[Date "2019.07.19"]
[Round "3"]
[White "Dolgun, Can"]
[Black "Lobanov, Sergei"]
[Result "0-1"]
[ECO "C75"]
[WhiteElo "2064"]
[BlackElo "2505"]
[Annotator "ChessBase"]
[PlyCount "86"]
[EventDate "2019.07.17"]
[EventType "team-tourn"]
[EventCountry "TUR"]
[SourceTitle "playchess.com"]
[Source "ChessBase"]
[SourceQuality "1"]
[TimeControl "40/5400+30:1800+30"]

1. e4 e5 2. Nf3 Nc6 3. Bb5 a6 4. Ba4 d6 5. O-O Bd7 6. c3 Nge7 7. d4 Ng6 8. dxe5 Ncxe5 9. Nxe5 dxe5 10. Bxd7+ Qxd7 11. Qxd7+ Kxd7 12. Be3 Be7 13. Rd1+ Ke6 14. Nd2 Rhc8 15. a4 b6 16. Nb3 Nf8 17. Rd5 c6 18. Rd2 c5 19. c4 Nd7 20. Rad1 Ra7 21. Nc1 Nb8 22. Ne2 Nc6 23. Nc3 Nd4 24. Nd5 Rb7 25. Kf1 Bd6 26. Bxd4 cxd4 27. b3 b5 28. cxb5 axb5 29. a5 f5 30. f3 fxe4 31. fxe4 Rc5 32. Ra2 Rxd5 33. exd5+ Kxd5 34. a6 Ra7 35. Rc1 d3 36. Ra5 Kd4 37. Rc6 Rf7+ 38. Kg1 Bb8 39. Rxb5 d2 40. Rc4+ Ke3 41. Rd5 Ba7 42. h3 Bd4 43. Rc3+ Ke4+ 0-1

[Event "Turkish Super League 2019"]
[Site "Konya"]
[Date "2019.07.20"]
[Round "4"]
[White "Rakhmanov, Aleksandr"]
[Black "Visakh N R"]
[Result "1-0"]
[ECO "E06"]
[WhiteElo "2615"]
[BlackElo "2526"]
[Annotator "RC"]
[PlyCount "141"]
[EventDate "2019.07.17"]
[EventType "team-tourn"]
[EventCountry "TUR"]
[SourceTitle "playchess.com"]
[Source "ChessBase"]
[SourceQuality "1"]
[TimeControl "40/5400+30:1800+30"]

1. c4 e6 2. Nc3 d5 3. d4 Be7 4. Nf3 Nf6 5. g3 dxc4 6. Bg2 O-O 7. Ne5 Nc6 8. Bxc6 bxc6 9. Nxc6 Qe8 10. Nxe7+ Qxe7 11. Qa4 Bb7 12. O-O c5 13. dxc5 Qxc5 14. Be3 Qc6 15. Qxc6 Bxc6 16. Bd4 Nd5 17. Nxd5 Bxd5 18. Bc3 Rfd8 19. Rfd1 Bc6 20. Ba5 Rd5 21. Rxd5 exd5 22. Rd1 Re8 23. Kf1 f6 24. f3 Kf7 25. Kf2 h5 26. h3 a6 27. Rd4 g5 28. Bc3 Re6 29. Rd1 Kg6 30. Bd4 Re8 31. Bc3 Bb7 32. Rc1 Bc8 33. Rh1 Bf5 34. g4 Be6 35. gxh5+ Kf7 36. h4 g4 37. Rg1 gxf3 38. Rg6 fxe2 39. Rxf6+ Kg8 40. Kxe2 Bg4+ 41. Kd2 Re4 42. Rg6+ Kh7 43. Rd6 Bxh5 44. Rxd5 Rxh4 45. Rd6 Kg8 46. Rxa6 Kf7 47. a4 Ke8 48. Ke3 Rh3+ 49. Kd4 Bf3 50. Rf6 Kd7 51. Kc5 Bh1 52. a5 Kc8 53. a6 Rh8 54. Kb6 Re8 55. a7 Ba8 56. Bb4 Rd8 57. Rf4 Rd7 58. Rxc4+ Kd8 59. Rh4 Kc8 60. Rh8+ Rd8 61. Rh6 Rd7 62. Ba5 Rd8 63. b4 Re8 64. b5 Kd7 65. Bb4 Be4 66. Rd6+ Kc8 67. Rc6+ Kd7 68. Rc7+ Ke6 69. Rb7 Kd5 70. Rb8 Re6+ 71. Ka5 1-0

[Event "Turkish Super League 2019"]
[Site "Konya"]
[Date "2019.07.20"]
[Round "4"]
[White "Mchedlishvili, Mikheil"]
[Black "Asadli, Vugar"]
[Result "1/2-1/2"]
[ECO "E01"]
[WhiteElo "2571"]
[BlackElo "2502"]
[Annotator "ChessBase"]
[PlyCount "62"]
[EventDate "2019.07.17"]
[EventType "team-tourn"]
[EventCountry "TUR"]
[SourceTitle "playchess.com"]
[Source "ChessBase"]
[SourceQuality "1"]
[TimeControl "40/5400+30:1800+30"]

1. d4 e6 2. c4 Nf6 3. g3 d5 4. Nf3 Bb4+ 5. Bd2 Bd6 6. Nc3 O-O 7. Bg5 Be7 8. Bg2 Nbd7 9. Qd3 c6 10. O-O b6 11. Rfd1 Ba6 12. b3 Rc8 13. Rac1 h6 14. Bf4 c5 15. Nb5 Bxb5 16. cxb5 Nh5 17. Bd2 Nhf6 18. Bc3 Ne4 19. Bb2 Nd6 20. Ne5 Bf6 21. a4 cxd4 22. Nc6 Ne5 23. Nxe5 Bxe5 24. Bxd4 Qf6 25. Be3 Bb2 26. Rc6 Rxc6 27. bxc6 Rc8 28. Qa6 Qe7 29. Rd2 Bc3 30. Rc2 Rxc6 31. a5 Qc7 1/2-1/2

[Event "Turkish Super League 2019"]
[Site "Konya"]
[Date "2019.07.20"]
[Round "4"]
[White "Heberla, Bartlomiej"]
[Black "Firat, Burak"]
[Result "1/2-1/2"]
[ECO "A28"]
[WhiteElo "2534"]
[BlackElo "2463"]
[Annotator "ChessBase"]
[PlyCount "60"]
[EventDate "2019.07.17"]
[EventType "team-tourn"]
[EventCountry "TUR"]
[SourceTitle "playchess.com"]
[Source "ChessBase"]
[SourceQuality "1"]
[TimeControl "40/5400+30:1800+30"]

1. c4 Nf6 2. Nc3 e5 3. Nf3 Nc6 4. e3 d5 5. cxd5 Nxd5 6. Bb5 Nxc3 7. bxc3 Bd6 8. d4 Bd7 9. O-O O-O 10. Bxc6 Bxc6 11. dxe5 Bxf3 12. Qxf3 Bxe5 13. Ba3 Re8 14. Qxb7 Qh4 15. g3 Qa4 16. Qb4 Qa6 17. Qb2 Rab8 18. Bb4 c5 19. Qa3 Qxa3 20. Bxa3 Bxc3 21. Rac1 Bb2 22. Bxb2 Rxb2 23. a4 Rc8 24. Rfd1 g6 25. Rd4 a5 26. Rdc4 Ra2 27. Rb1 Rc6 28. Rb5 Rf6 29. Rf4 Rxf4 30. gxf4 Rxa4 1/2-1/2

[Event "Turkish Super League 2019"]
[Site "Konya"]
[Date "2019.07.20"]
[Round "4"]
[White "Dimitrov, Radoslav"]
[Black "Romanov, Evgeny"]
[Result "1/2-1/2"]
[ECO "A28"]
[WhiteElo "2530"]
[BlackElo "2582"]
[Annotator "ChessBase"]
[PlyCount "81"]
[EventDate "2019.07.17"]
[EventType "team-tourn"]
[EventCountry "TUR"]
[SourceTitle "playchess.com"]
[Source "ChessBase"]
[SourceQuality "1"]
[TimeControl "40/5400+30:1800+30"]

1. c4 Nf6 2. Nc3 e5 3. Nf3 Nc6 4. d4 exd4 5. Nxd4 Bb4 6. g3 Nxd4 7. Qxd4 c5 8. Qe5+ Qe7 9. Qxe7+ Kxe7 10. Bd2 d6 11. Bg2 Be6 12. b3 Rab8 13. a3 Bxc3 14. Bxc3 b5 15. cxb5 Bxb3 16. a4 d5 17. O-O d4 18. Bb2 Bd5 19. Ba3 Kd6 20. Rac1 Rhc8 21. Rfd1 Bxg2 22. Kxg2 Kd5 23. e3 Nd7 24. exd4 c4 25. Rc3 g6 26. Rdc1 Nb6 27. Bc5 Nxa4 28. Rxc4 Nxc5 29. Rxc5+ Rxc5 30. Rxc5+ Kxd4 31. Rc7 Rxb5 32. Rxf7 a5 33. Rxh7 Kc3 34. h4 a4 35. Rh6 a3 36. Rxg6 Ra5 37. Rc6+ Kd2 38. Rd6+ Kc2 39. Rc6+ Kd2 40. Rd6+ Kc2 41. Rc6+ 1/2-1/2

[Event "Turkish Super League 2019"]
[Site "Konya"]
[Date "2019.07.20"]
[Round "4"]
[White "Iljiushenok, Ilia"]
[Black "Dastan, Muhammed Batuhan"]
[Result "0-1"]
[ECO "B94"]
[WhiteElo "2520"]
[BlackElo "2565"]
[Annotator "ChessBase"]
[PlyCount "130"]
[EventDate "2019.07.17"]
[EventType "team-tourn"]
[EventCountry "TUR"]
[SourceTitle "playchess.com"]
[Source "ChessBase"]
[SourceQuality "1"]
[TimeControl "40/5400+30:1800+30"]

1. e4 c5 2. Nf3 d6 3. d4 cxd4 4. Nxd4 Nf6 5. Nc3 a6 6. Bg5 Nbd7 7. Bc4 Qb6 8. Bb3 e6 9. O-O Be7 10. Kh1 Nc5 11. f4 h6 12. Bxf6 Bxf6 13. e5 Be7 14. Na4 Qd8 15. exd6 Bxd6 16. Nxc5 Bxc5 17. Nf3 Qxd1 18. Raxd1 Be7 19. f5 Bf6 20. Rfe1 O-O 21. fxe6 Bxe6 22. Bxe6 fxe6 23. Rxe6 Bxb2 24. Rb6 Bf6 25. Rxb7 Rfc8 26. Rd2 Rc4 27. Rb3 Rac8 28. h3 a5 29. Kg1 Rxc2 30. Rxc2 Rxc2 31. Ra3 Bc3 32. Kf1 Kf7 33. Ra4 Ke6 34. Nd4+ Bxd4 35. Rxd4 Rxa2 36. Rg4 g5 37. h4 Kf5 38. Rc4 g4 39. g3 h5 40. Rd4 Ke5 41. Rc4 Ra3 42. Ke2 Kd6 43. Rc8 a4 44. Rh8 Kc5 45. Rxh5+ Kb4 46. Kf2 Rf3+ 47. Kg2 Rd3 48. Rg5 Rd4 49. Kf2 a3 50. Ke3 Rc4 51. Rd5 a2 52. Rd1 Kc3 53. h5 Ra4 54. Ra1 Kb2 55. Rxa2+ Kxa2 56. h6 Kb3 57. h7 Ra8 58. Kf4 Rh8 59. Kxg4 Rxh7 60. Kf5 Kc4 61. g4 Kd5 62. Kf6 Rh6+ 63. Kf7 Ke5 64. g5 Ra6 65. g6 Ra7+ 0-1

[Event "Turkish Super League 2019"]
[Site "Konya"]
[Date "2019.07.20"]
[Round "4"]
[White "Sanal, Vahap"]
[Black "Moiseenko, Vadim"]
[Result "1-0"]
[ECO "B23"]
[WhiteElo "2520"]
[BlackElo "2523"]
[Annotator "ChessBase"]
[PlyCount "69"]
[EventDate "2019.07.17"]
[EventType "team-tourn"]
[EventCountry "TUR"]
[SourceTitle "playchess.com"]
[Source "ChessBase"]
[SourceQuality "1"]
[TimeControl "40/5400+30:1800+30"]

1. e4 c5 2. Nc3 Nc6 3. Bb5 Nd4 4. Nf3 a6 5. Bd3 Nxf3+ 6. Qxf3 d6 7. a3 e6 8. b4 b6 9. Bb2 Bb7 10. O-O Nf6 11. Qh3 Rc8 12. Rae1 Be7 13. f4 c4 14. Be2 O-O 15. Bf3 Nd7 16. e5 Bxf3 17. Rxf3 b5 18. Ne4 d5 19. Ng3 c3 20. Bxc3 Qb6+ 21. Kh1 d4 22. Ba1 Rxc2 23. f5 Rfc8 24. Rff1 Bf8 25. Qg4 d3 26. Ne4 exf5 27. Qxf5 Qe6 28. Qf3 h6 29. Nd6 Nxe5 30. Rxe5 Qxd6 31. Qxf7+ Kh7 32. Re6 Qd8 33. Qf5+ Kg8 34. Rxh6 gxh6 35. Qf7# 1-0

[Event "Turkish Super League 2019"]
[Site "Konya"]
[Date "2019.07.20"]
[Round "4"]
[White "Annaberdiev, Meilis"]
[Black "Esen, Baris"]
[Result "1-0"]
[ECO "B13"]
[WhiteElo "2515"]
[BlackElo "2478"]
[Annotator "ChessBase"]
[PlyCount "67"]
[EventDate "2019.07.17"]
[EventType "team-tourn"]
[EventCountry "TUR"]
[SourceTitle "playchess.com"]
[Source "ChessBase"]
[SourceQuality "1"]
[TimeControl "40/5400+30:1800+30"]

1. e4 c6 2. d4 d5 3. exd5 cxd5 4. Bd3 Nc6 5. c3 Qc7 6. Na3 a6 7. Nc2 Nf6 8. h3 g6 9. Nf3 Bg7 10. O-O Bf5 11. Bxf5 gxf5 12. Nce1 e6 13. Nd3 Bf8 14. Bf4 Bd6 15. Bxd6 Qxd6 16. Nfe5 Qc7 17. Rc1 Nxe5 18. Nxe5 O-O 19. c4 dxc4 20. Rxc4 Qe7 21. Qf3 Nd5 22. Qg3+ Kh8 23. Rfc1 Rad8 24. a3 Rd6 25. Kh1 Rdd8 26. Kg1 Rd6 27. Nd3 Rfd8 28. Rc8 Qf8 29. Ne5 f4 30. Qh4 Rxc8 31. Rxc8 Qxc8 32. Nxf7+ Kg8 33. Nxd6 Qc7 34. Qg4+ 1-0

[Event "Turkish Super League 2019"]
[Site "Konya"]
[Date "2019.07.20"]
[Round "4"]
[White "Atalik, Ekaterina"]
[Black "Yildiz Kadioglu, Betul Cemre"]
[Result "1/2-1/2"]
[ECO "A31"]
[WhiteElo "2459"]
[BlackElo "2290"]
[Annotator "ChessBase"]
[PlyCount "97"]
[EventDate "2019.07.17"]
[EventType "team-tourn"]
[EventCountry "TUR"]
[SourceTitle "playchess.com"]
[Source "ChessBase"]
[SourceQuality "1"]
[TimeControl "40/5400+30:1800+30"]

1. Nf3 d5 2. e3 c5 3. c4 Nf6 4. d4 cxd4 5. Nxd4 e5 6. Nb3 Nc6 7. cxd5 Qxd5 8. Bd2 Bf5 9. Nc3 Qd7 10. f3 Bd3 11. Bxd3 Qxd3 12. Qe2 O-O-O 13. Qxd3 Rxd3 14. Ke2 Rd8 15. Rhc1 Kb8 16. Be1 Be7 17. Bg3 Nh5 18. Bf2 h6 19. g4 Nf6 20. Bg3 Ka8 21. Rd1 b6 22. a3 Kb7 23. Rd2 h5 24. g5 Nh7 25. h4 f6 26. gxf6 gxf6 27. Nd5 Bf8 28. Rad1 f5 29. Nc1 Rg8 30. Bf2 Rg7 31. Na2 Rgd7 32. Nac3 Na5 33. Rc2 Nb3 34. Nb4 Rxd1 35. Nxd1 Nc5 36. Bg3 e4 37. fxe4 fxe4 38. Nf2 Nf6 39. Na2 Bh6 40. b4 Ne6 41. Rd2 Rxd2+ 42. Kxd2 Nd4 43. Nc3 Nf5 44. Nfxe4 Nxe4+ 45. Nxe4 Bxe3+ 46. Kd3 Kc6 47. a4 Nxg3 48. Nxg3 Bf2 49. Nxh5 1/2-1/2

[Event "Turkish Super League 2019"]
[Site "Konya"]
[Date "2019.07.20"]
[Round "4"]
[White "Daulyte-Cornette, Deimante"]
[Black "Tsolakidou, Stavroula"]
[Result "0-1"]
[ECO "B48"]
[WhiteElo "2444"]
[BlackElo "2423"]
[Annotator "NA"]
[PlyCount "52"]
[EventDate "2019.07.17"]
[EventType "team-tourn"]
[EventCountry "TUR"]
[SourceTitle "playchess.com"]
[Source "ChessBase"]
[SourceQuality "1"]
[TimeControl "40/5400+30:1800+30"]

1. e4 c5 2. Nc3 e6 3. Nf3 Nc6 4. d4 cxd4 5. Nxd4 Qc7 6. Be3 a6 7. a3 Be7 8. f4 b5 9. Qf3 Na5 10. Bf2 Bb7 11. Be2 Nc4 12. Qg3 Nxb2 13. O-O Rc8 14. Ncxb5 axb5 15. Nxb5 Qxc2 16. Qxg7 Qxe2 17. Qxh8 Kf8 18. Bd4 f6 19. Rf2 Qxb5 20. Qxh7 Nd3 21. Rf3 Qc4 22. Be3 Bxe4 23. f5 Bxf3 24. Bh6+ Nxh6 25. Qxh6+ Ke8 26. Qh8+ Bf8 0-1

[Event "Turkish Super League 2019"]
[Site "Konya"]
[Date "2019.07.20"]
[Round "4"]
[White "Soysal, Serkan"]
[Black "Quparadze, Giga"]
[Result "0-1"]
[ECO "E32"]
[WhiteElo "2431"]
[BlackElo "2499"]
[Annotator "ChessBase"]
[PlyCount "100"]
[EventDate "2019.07.17"]
[EventType "team-tourn"]
[EventCountry "TUR"]
[SourceTitle "playchess.com"]
[Source "ChessBase"]
[SourceQuality "1"]
[TimeControl "40/5400+30:1800+30"]

1. d4 Nf6 2. c4 e6 3. Nc3 Bb4 4. Qc2 O-O 5. e4 d5 6. e5 Ne4 7. Bd3 c5 8. Nf3 cxd4 9. Nxd4 Nd7 10. Bf4 Ndc5 11. O-O Bxc3 12. bxc3 Bd7 13. Be2 Na4 14. cxd5 exd5 15. c4 Rc8 16. Qb3 dxc4 17. Bxc4 Nac3 18. Bxf7+ Rxf7 19. e6 Bxe6 20. Nxe6 Qf6 21. Rae1 Rc6 22. f3 Qxe6 23. fxe4 Nxa2 24. Qxe6 Rxe6 25. Bd2 Rc7 26. Rf3 Rc2 27. Rd3 b5 28. Rd8+ Kf7 29. Rf1+ Rf6 30. Rb1 b4 31. h4 a5 32. e5 Rf5 33. Re1 Ke7 34. Rd3 Nc3 35. e6 Rd5 36. Bg5+ Ke8 37. Red1 h6 38. Rxd5 Nxd5 39. Rxd5 hxg5 40. Rxa5 b3 41. Rb5 b2 42. Kh2 Ke7 43. hxg5 Kxe6 44. Kg3 Kd6 45. Kf3 Kc6 46. Rb8 Kd5 47. g4 Kd4 48. Rb7 Kd3 49. Kf4 Rc4+ 50. Kf5 Kc3 0-1

[Event "Turkish Super League 2019"]
[Site "Konya"]
[Date "2019.07.20"]
[Round "4"]
[White "Mammadzada, Gunay"]
[Black "Ayan, Bengu Sena"]
[Result "1-0"]
[ECO "C06"]
[WhiteElo "2427"]
[BlackElo "1885"]
[Annotator "NA"]
[PlyCount "63"]
[EventDate "2019.07.17"]
[EventType "team-tourn"]
[EventCountry "TUR"]
[SourceTitle "playchess.com"]
[Source "ChessBase"]
[SourceQuality "1"]
[TimeControl "40/5400+30:1800+30"]

1. e4 e6 2. d4 d5 3. Nd2 Nf6 4. e5 Nfd7 5. Bd3 c5 6. c3 Nc6 7. Ne2 cxd4 8. cxd4 f6 9. exf6 Nxf6 10. O-O Bd6 11. Nf3 O-O 12. Bf4 Bxf4 13. Nxf4 Ne4 14. Ne2 Rxf3 15. gxf3 Ng5 16. Kh1 e5 17. Qb3 Kh8 18. f4 Nf3 19. Rg1 e4 20. Bc2 Qh4 21. Rg2 Bh3 22. Rg3 Bf1 23. Rxf3 exf3 24. Ng3 Bg2+ 25. Kg1 Qh3 26. Bf5 Qh6 27. Qxb7 Rg8 28. Rd1 Bh3 29. Qd7 Rd8 30. Re1 Rf8 31. Re8 Kg8 32. Qxd5+ 1-0

[Event "Turkish Super League 2019"]
[Site "Konya"]
[Date "2019.07.20"]
[Round "4"]
[White "Szczepkowska, Karina"]
[Black "Caglar, Sila"]
[Result "1-0"]
[ECO "B23"]
[WhiteElo "2425"]
[BlackElo "2306"]
[Annotator "NA"]
[PlyCount "53"]
[EventDate "2019.07.17"]
[EventType "team-tourn"]
[EventCountry "TUR"]
[SourceTitle "playchess.com"]
[Source "ChessBase"]
[SourceQuality "1"]
[TimeControl "40/5400+30:1800+30"]

1. e4 c5 2. Nc3 Nc6 3. Bb5 Nd4 4. Nf3 g6 5. Bc4 Bg7 6. Nxd4 cxd4 7. Qf3 e6 8. Nb5 Be5 9. Qa3 Qb6 10. c3 dxc3 11. dxc3 f5 12. exf5 gxf5 13. Be3 Qc6 14. Be2 Nf6 15. O-O-O Kf7 16. Qb3 a5 17. a4 Rg8 18. Bf3 d5 19. h3 Bd7 20. g4 f4 21. Bd4 Bb8 22. Rhe1 Rc8 23. Qc2 Rh8 24. g5 e5 25. Bxe5 Bxe5 26. Rxe5 Rhe8 27. Rxe8 1-0

[Event "Turkish Super League 2019"]
[Site "Konya"]
[Date "2019.07.20"]
[Round "4"]
[White "Atakisi, Umut"]
[Black "Cansun, Can Alp"]
[Result "1/2-1/2"]
[ECO "A37"]
[WhiteElo "2401"]
[BlackElo "2121"]
[Annotator "NA"]
[PlyCount "148"]
[EventDate "2019.07.17"]
[EventType "team-tourn"]
[EventCountry "TUR"]
[SourceTitle "playchess.com"]
[Source "ChessBase"]
[SourceQuality "1"]
[TimeControl "40/5400+30:1800+30"]

1. Nf3 c5 2. c4 Nc6 3. g3 g6 4. Bg2 Bg7 5. O-O e6 6. Nc3 Nge7 7. d4 cxd4 8. Nb5 d5 9. cxd5 Nxd5 10. Nfxd4 Nxd4 11. Nxd4 O-O 12. Nc2 Nb6 13. Ne3 Qe7 14. a4 Rd8 15. Qb3 e5 16. a5 Be6 17. Qa3 Qxa3 18. Rxa3 Nd5 19. Rd3 Nb4 20. Rxd8+ Rxd8 21. Bxb7 Bb3 22. Ng2 Rd7 23. a6 Bc4 24. Be3 Nxa6 25. Rc1 Rxb7 26. Rxc4 h6 27. Bc1 Nb4 28. Bd2 Nd5 29. b4 Bf8 30. Rc8 Kg7 31. Bxh6+ Kxh6 32. Rxf8 a5 33. b5 Rxb5 34. f4 Kg7 35. Ra8 Nc3 36. Kf2 e4 37. Rc8 Rb3 38. Ne3 a4 39. Nc4 Nd5 40. Rc5 Nf6 41. Ne5 Ne8 42. Ra5 Rb4 43. Ra7 Nd6 44. Rd7 Rb6 45. Ra7 Rb4 46. g4 g5 47. Rd7 Rb6 48. Ra7 gxf4 49. Rxa4 Rb2 50. Nc4 Nxc4 51. Rxc4 f3 52. Rxe4 fxe2 53. Rxe2 Rb4 54. Kg3 Rb3+ 55. Kh4 Rb4 56. Re5 Kg6 57. Rg5+ Kh6 58. h3 Ra4 59. Rf5 Kg6 60. Kg3 Ra3+ 61. Rf3 Rxf3+ 62. Kxf3 f5 63. Kf4 fxg4 64. hxg4 Kf6 65. g5+ Kg6 66. Kg4 Kg7 67. Kf5 Kf7 68. g6+ Kg7 69. Kg5 Kg8 70. Kf4 Kg7 71. Kf5 Kg8 72. Kf6 Kf8 73. g7+ Kg8 74. Ke7 Kxg7 1/2-1/2

[Event "Turkish Super League 2019"]
[Site "Konya"]
[Date "2019.07.20"]
[Round "4"]
[White "Ertan, Can"]
[Black "Injac, Teodora"]
[Result "1-0"]
[ECO "B86"]
[WhiteElo "2396"]
[BlackElo "2305"]
[Annotator "NA"]
[PlyCount "137"]
[EventDate "2019.07.17"]
[EventType "team-tourn"]
[EventCountry "TUR"]
[SourceTitle "playchess.com"]
[Source "ChessBase"]
[SourceQuality "1"]
[TimeControl "40/5400+30:1800+30"]

1. e4 c5 2. Nf3 d6 3. d4 cxd4 4. Nxd4 Nf6 5. Nc3 a6 6. Bc4 e6 7. Bb3 Nbd7 8. O-O Nc5 9. Qe2 Be7 10. f4 O-O 11. Nf3 b5 12. e5 Nfd7 13. exd6 Bxd6 14. Ne4 Be7 15. c4 Nxb3 16. axb3 Bb7 17. Bd2 Bxe4 18. Qxe4 Nc5 19. Qe3 Qd3 20. cxb5 axb5 21. Rac1 Qxe3+ 22. Bxe3 Rfc8 23. Nd4 Bf6 24. Rfd1 h6 25. Kf2 Bxd4 26. Rxd4 Nxb3 27. Rxc8+ Rxc8 28. Rb4 Rc2+ 29. Kg3 Rxb2 30. Rxb5 Rb1 31. Rb4 Kh7 32. Kf3 Rf1+ 33. Ke2 Rb1 34. Rb6 Nc1+ 35. Kd2 Rxb6 36. Bxb6 Na2 37. Ba5 Kg6 38. Kc2 Kf5 39. Bd2 Ke4 40. Kb2 Kd3 41. Ba5 Ke3 42. Kxa2 Kxf4 43. Bc3 f6 44. Bd4 Ke4 45. Bc5 g5 46. Kb2 Kd3 47. Bf8 Ke2 48. Bxh6 Kf2 49. g3 g4 50. Bg7 f5 51. Kc3 Ke3 52. Bh6+ Ke4 53. Kd2 e5 54. Ke2 Kd4 55. Bc1 Ke4 56. Kf2 Kd3 57. Bb2 Ke4 58. Ke2 Kd5 59. Kd3 Ke6 60. Bc1 Kd5 61. Be3 Kc6 62. Kc4 Kd6 63. Bc1 Kc6 64. Ba3 f4 65. Bc1 f3 66. Be3 Kd6 67. Bf2 Kc6 68. Bc5 e4 69. Be3 1-0

[Event "Turkish Super League 2019"]
[Site "Konya"]
[Date "2019.07.20"]
[Round "4"]
[White "Gulbas, Cemil"]
[Black "Rozum, Ivan"]
[Result "1-0"]
[ECO "B07"]
[WhiteElo "2380"]
[BlackElo "2583"]
[Annotator "ChessBase"]
[PlyCount "63"]
[EventDate "2019.07.17"]
[EventType "team-tourn"]
[EventCountry "TUR"]
[SourceTitle "playchess.com"]
[Source "ChessBase"]
[SourceQuality "1"]
[TimeControl "40/5400+30:1800+30"]

1. e4 d6 2. d4 Nf6 3. Nc3 e5 4. Nge2 Nbd7 5. f3 Be7 6. Be3 O-O 7. Qd2 c6 8. g4 exd4 9. Nxd4 Ne5 10. Qg2 d5 11. g5 Nh5 12. O-O-O Ng6 13. Nde2 Nh4 14. Qf2 Bxg5 15. f4 Bh6 16. Nxd5 cxd5 17. Rxd5 Qe7 18. Rxh5 Ng6 19. Nc3 f5 20. Bc4+ Be6 21. Nd5 Qd7 22. Rd1 Qc6 23. Bb3 Kh8 24. Qg3 Rae8 25. h4 fxe4 26. Rxh6 gxh6 27. h5 Ne5 28. Bd4 Bxd5 29. Rg1 Qf6 30. fxe5 Qg5+ 31. Qxg5 hxg5 32. e6+ 1-0

[Event "Turkish Super League 2019"]
[Site "Konya"]
[Date "2019.07.20"]
[Round "4"]
[White "Buksa, Nataliya"]
[Black "Dordzhieva, Dinara"]
[Result "1-0"]
[ECO "B09"]
[WhiteElo "2379"]
[BlackElo "2306"]
[Annotator "NA"]
[PlyCount "99"]
[EventDate "2019.07.17"]
[EventType "team-tourn"]
[EventCountry "TUR"]
[SourceTitle "playchess.com"]
[Source "ChessBase"]
[SourceQuality "1"]
[TimeControl "40/5400+30:1800+30"]

1. e4 g6 2. d4 Bg7 3. Nc3 d6 4. f4 Nf6 5. Nf3 O-O 6. e5 dxe5 7. fxe5 Nd5 8. Bc4 Nxc3 9. bxc3 c5 10. O-O Bg4 11. Be3 Nc6 12. Qd2 Na5 13. Bd3 Qd5 14. Bh6 cxd4 15. Bxg7 Kxg7 16. Qf4 Bxf3 17. Rxf3 Nc6 18. Rh3 h5 19. Rxh5 Rh8 20. Be4 Qc5 21. Rg5 dxc3+ 22. Kh1 Nd8 23. Rf1 Qc4 24. Rf3 Rc8 25. h4 Qe2 26. Kh2 Rc4 27. Rg4 Qe1 28. e6 Rxe4 29. Qxe4 Qxe4 30. Rxe4 Nxe6 31. Rxc3 Rd8 32. Rd3 Rc8 33. Rd7 Rxc2 34. Rxe7 Kf6 35. Rxb7 Rxa2 36. Re3 Nd4 37. Ree7 Nf3+ 38. Kg3 Ne5 39. Rxa7 Rd2 40. Kh3 Rd3+ 41. g3 Rd2 42. Re8 Rd5 43. Ra4 Nd3 44. g4 Ne5 45. Ra6+ Kg7 46. g5 Rd3+ 47. Kg2 Rd2+ 48. Kg3 Rd3+ 49. Kf4 Nd7 50. Raa8 1-0

[Event "Turkish Super League 2019"]
[Site "Konya"]
[Date "2019.07.20"]
[Round "4"]
[White "Arat, Ufuk Sezen"]
[Black "Kerigan, Demre"]
[Result "1/2-1/2"]
[ECO "E69"]
[WhiteElo "2376"]
[BlackElo "2398"]
[Annotator "NA"]
[PlyCount "87"]
[EventDate "2019.07.17"]
[EventType "team-tourn"]
[EventCountry "TUR"]
[SourceTitle "playchess.com"]
[Source "ChessBase"]
[SourceQuality "1"]
[TimeControl "40/5400+30:1800+30"]

1. d4 g6 2. c4 Nf6 3. g3 Bg7 4. Bg2 O-O 5. Nc3 d6 6. Nf3 Nbd7 7. O-O e5 8. e4 c6 9. h3 Qa5 10. Re1 exd4 11. Nxd4 Ne5 12. Bf1 Qb6 13. Be3 c5 14. Nc2 Be6 15. b3 Rad8 16. Bg2 h6 17. f4 Nc6 18. Qd3 Qa5 19. Bd2 Nb4 20. Nxb4 cxb4 21. Nb5 Nd7 22. Rab1 Nc5 23. Qe3 a6 24. Nd4 Rfe8 25. Nc2 Nxe4 26. Qxe4 Bf5 27. Qxb7 Bxc2 28. Bd5 Rf8 29. Rbc1 Qxa2 30. Qxb4 Rb8 31. Qxd6 Rxb3 32. Re3 Rxe3 33. Bxe3 Bf5 34. g4 Qb3 35. Qb6 Qxb6 36. Bxb6 Bd7 37. Rd1 Ba4 38. Rd2 Rc8 39. c5 Bf8 40. Bb7 Bxc5+ 41. Kh2 Bb4 42. Ra2 Rc2+ 43. Rxc2 Bxc2 44. Bxa6 1/2-1/2

[Event "Turkish Super League 2019"]
[Site "Konya"]
[Date "2019.07.20"]
[Round "4"]
[White "Can, Isik"]
[Black "Ali Marandi, Cemil Can"]
[Result "1/2-1/2"]
[ECO "B32"]
[WhiteElo "2374"]
[BlackElo "2527"]
[Annotator "ChessBase"]
[PlyCount "111"]
[EventDate "2019.07.17"]
[EventType "team-tourn"]
[EventCountry "TUR"]
[SourceTitle "playchess.com"]
[Source "ChessBase"]
[SourceQuality "1"]
[TimeControl "40/5400+30:1800+30"]

1. e4 c5 2. Nf3 Nc6 3. d4 cxd4 4. Nxd4 e5 5. Nb5 d6 6. c4 Be7 7. N1c3 a6 8. Na3 f5 9. exf5 Bxf5 10. Bd3 Be6 11. O-O Nf6 12. Nc2 O-O 13. Nd5 e4 14. Nxf6+ Bxf6 15. Bxe4 Bxc4 16. Bd5+ Bxd5 17. Qxd5+ Kh8 18. Be3 Bxb2 19. Rab1 Be5 20. Rxb7 Rc8 21. g3 Qf6 22. Rb6 Ne7 23. Qe4 Nf5 24. Rc6 Rb8 25. Rxa6 Qg6 26. Ra4 Rbe8 27. Qg4 Qf7 28. Bf4 Rc8 29. Ne3 Nd4 30. Qd1 Rc1 31. Qxc1 Ne2+ 32. Kh1 Qb7+ 33. Ng2 Nxc1 34. Rxc1 Bxf4 35. Rxf4 Rxf4 36. gxf4 h5 37. Kg1 Qe4 38. h4 d5 39. Rd1 d4 40. a4 Qd5 41. Kh2 Qc4 42. a5 d3 43. Kg3 Kg8 44. Ne3 Qb5 45. Ra1 Qa6 46. Ra4 Kf7 47. Rd4 Qf6 48. Rd5 Qg6+ 49. Rg5 Qc6 50. Rd5 Qg6+ 51. Rg5 Qd6 52. Rd5 Qc6 53. Kh2 Qa4 54. Kg3 Qc6 55. Kh2 Qa4 56. Kg3 1/2-1/2